 Dungeon Crawl Stone Soup version 0.31-a0-845-g9abc20d24f (webtiles) character file.

Game seed: 15134784781693656716

154 Phaelo the Chopper (level 5, -9/31 HPs)
             Began as a Gargoyle Reaver on Oct 1, 2023.
             Mangled by Edmund
             ... wielding a +3 heavy flail
              (14 damage)
             ... on level 4 of the Dungeon.
             The game lasted 00:41:50 (6455 turns).

Phaelo the Chopper (Gargoyle Reaver)                Turns: 6455, Time: 00:41:50

Health: -9/31      AC: 14    Str: 17    XL:     5   Next: 36%
Magic:  8/8        EV:  9    Int: 14    God:
Gold:   160        SH:  0    Dex:  8    Spells: 7/8 levels left

rFire   . . .        a - +1 hand axe
rCold   . . .        (no shield)
rNeg    + . .        m - +1 scale mail
rPois   ∞            (no helmet)
rElec   +            (no cloak)
rCorr   .            j - +2 pair of gloves
SInv    .            (no boots)
Will    .....        (no amulet) Stlth
                     p - ring of wizardry
HPRegen 0.25/turn    (no ring)
MPRegen 0.11/turn

%: wizardry (x1)
@: no status effects
A: sickness immunity, AC +4, negative energy resistance 1, electricity
resistance, torment resistance 1, petrification resistance
a: no special abilities


You were on level 4 of the Dungeon.
You visited 1 branch of the dungeon, and saw 4 of its levels.

You collected 160 gold pieces.

Inventory:

Hand Weapons
 a - a +1 hand axe (weapon)
Missiles
 n - 4 poisoned darts
Armour
 b - a +0 leather armour
 e - a +0 leather armour
 f - a +0 chain mail
 j - a +2 pair of gloves (worn)
 m - a +1 scale mail (worn)
Magical Staves
 k - a staff of death
Jewellery
 p - a ring of wizardry (left hand)
Scrolls
 d - 3 scrolls of identify
 q - a scroll of vulnerability
Potions
 g - a potion of curing


   Skills:
 - Level 2.3 Fighting
 + Level 4.5 Axes
 - Level 0.3 Armour
 - Level 1.8 Dodging
 - Level 0.3 Stealth
 + Level 2.4 Spellcasting
 + Level 3.9 Conjurations


You had 7 spell levels left.
You knew the following spells:

 Your Spells              Type           Power      Damage    Failure   Level
a - Kiss of Death         Conj/Necr      28%        2d7       16%         1

Your spell library contained the following spells:

 Spells                   Type           Power      Damage    Failure   Level
 Momentum Strike          Conj/Tloc      14%        3d8       22%         2
 Hailstorm                Conj/Ice       7%         3d4       38%         3


Dungeon Overview and Level Annotations

Branches:
Dungeon (4/15)
 Temple: D:4-7

Altars:
Xom
Yredelemnul

Shops:
D:1 :=[   D:2 =

Annotations:
D:3 6 runed translucent doors, Heedrag's ghost, amateur DsSh; Ijustatesigmund's ghost, weakling DEFE
D:4 Edmund; Sigmund


Innate Abilities, Weirdness & Mutations

You are immune to sickness and miasma.
Your stone body is resilient. (AC +4)
You are immune to poison.
You resist negative energy. (rN+)
You are resistant to electric shocks. (rElec)
You are resistant to unholy torment.
You are immune to petrification.


Message History

Level annotation: 6 runed translucent doors, Heedrag's ghost, amateur DsSh; Ijustatesigmund's ghost, weakling DEFE
There is a stone staircase leading down here.
You start resting.
Your extra speed is starting to run out.
You start resting.
You feel yourself slow down.
You start resting.
HP restored.
There is a stone staircase leading down here.
You climb downwards.
Level annotation: Edmund; Sigmund
There is a stone staircase leading up here.
Edmund grinds his teeth, and then sighs.
Edmund whines, "My parents never had time for me!"
You hit Edmund.
Edmund is moderately wounded.
Edmund hits you with a +3 heavy flail!
You hit Edmund.
Edmund is moderately wounded.
Edmund hits you with a +3 heavy flail.
You hit Edmund.
Edmund is heavily wounded.
Edmund hits you but does no damage.
You hit Edmund.
Edmund is heavily wounded.
You closely miss Edmund.
Edmund is heavily wounded.
Edmund hits you with a +3 heavy flail!
* * * LOW HITPOINT WARNING * * *
You hit Edmund but do no damage.
Edmund is heavily wounded.
Edmund hits you with a +3 heavy flail.
* * * LOW HITPOINT WARNING * * *
You hit Edmund.
Edmund is heavily wounded.
You hit Edmund.
Edmund is heavily wounded.
Edmund hits you with a +3 heavy flail!
You die...
Edmund whines, "They better pay attention to me now!"

#.# #.#.#.#.#.#.#......
#.# #.###.#.#.#.#......
#.# #.. ..#.#.#.#.<....
#.# #######.#.#.#......
#<####.....#.#.#.#......
#..........'.........@.#
######...>.#.#.........#
#.@...#...........#
#.@...###.........#
#...............###
#.....#######.#####
#..................
####.#.####........
#.#.# #........ #.#.#
#........ #.#.#
#........ #.#.#
#...>....


You could see Edmund.

Vanquished Creatures
  An orc priest (D:3)
  A hound zombie (D:3)
  3 adders
  An adder zombie (D:3)
  3 worms
  2 dart slugs (D:3)
  5 orcs
  An endoplasm (D:3)
  4 giant cockroaches
  5 goblins
  5 hobgoblins
  7 jackals
  3 quokkas
  7 ball pythons
  2 bats
  4 frilled lizards
  5 kobolds
  4 rats
63 creatures vanquished.

Vanquished Creatures (others)
  An endoplasm (D:3)
  A hobgoblin (D:3)
2 creatures vanquished.

Grand Total: 65 creatures vanquished

Notes
Turn   | Place    | Note
-------+----------+-------------------------------------------
     0 | D:1      | Phaelo the Gargoyle Reaver began the quest for the Orb.
     0 | D:1      | Reached XP level 1. HP: 12/12 MP: 3/3
   435 | D:1      | Found a faded altar of an unknown god.
  1285 | D:1      | Reached XP level 2. HP: 16/18 MP: 5/5
  1334 | D:1      | Reached skill level 3 in Axes
  1587 | D:1      | Found Seulily's Book Shop.
  2019 | D:1      | Found Hiddairo's Armour Shoppe.
  2458 | D:1      | Found Hagh's Jewellery Emporium.
  2581 | D:1      | Reached XP level 3. HP: 22/22 MP: 6/6
  3349 | D:2      | Found Angeics's Jewellery Shop.
  4541 | D:3      | Found a shimmering altar of Xom.
  4547 | D:3      | Reached skill level 4 in Axes
  4547 | D:3      | Reached XP level 4. HP: 22/27 MP: 7/7
  4758 | D:3      | Reached XP level 5. HP: 24/31 MP: 8/8
  4888 | D:3      | Found a runed translucent gate.
  4888 | D:3      | Found a runed translucent gate.
  4888 | D:3      | Found a runed translucent gate.
  4891 | D:3      | Noticed Heedrag's ghost (amateur DsSh)
  4894 | D:3      | Identified the +0 ring mail "Xabu" {Regen+ Str+3 Dex+3}
  5221 | D:3      | Found a runed translucent gate.
  5221 | D:3      | Found a runed translucent gate.
  5221 | D:3      | Found a runed translucent gate.
  5221 | D:3      | Noticed Ijustatesigmund's ghost (weakling DEFE)
  5223 | D:3      | Found a basalt altar of Yredelemnul.
  5926 | D:4      | Noticed Sigmund
  6122 | D:4      | Noticed Edmund
  6455 | D:4      | Mangled by Edmund

Illustrated notes

Levels and vault maps discovered:
D:1:      dpeg_arrival_tiny_i, layout_rooms, nicolae_ecumenical_snake_handling,
          serial_shops, nicolae_shop_peninsula, nicolae_shop_real_fake_doors,
          nicolae_shop_behind_doors
D:2:      layout_loops_corners, serial_shops, nicolae_shop_waterfront,
          serial_rivers, chequers_serial_rivers_room_a,
          chequers_serial_rivers_marsh, chequers_serial_rivers_micro_c,
          chequers_serial_rivers_micro_a, chequers_serial_rivers_micro_a,
          chequers_serial_rivers_micro_a
D:3:      layout_basic, nicolae_yredelemnul_ghost_church, xom_confusion_cloud,
          biasface_ghost_orc_armoury
D:4:      kennysheep_six_static_rooms, layout_basic, gammafunk_ghost_smash,
          uniq_sigmund, uniq_edmund

Skill      XL: |  1  2  3 |
---------------+----------+-----
Axes           | 3 4 |  4.5
Fighting       | |  2.3
Armour         | |  0.3
Dodging        | |  1.8
Stealth        | |  0.3
Spellcasting   | |  2.4
Conjurations   | |  3.9

Action                     |  1- 3 |  4- 6 || total
---------------------------+-------+-------++-------
  Melee: Hand axe          |   108 |   122 ||   230
         Punch             |     1 |       ||     1
    Use: Scroll            |    11 |     3 ||    14
         Potion            |     2 |     2 ||     4
 Armour: Leather armour    |    77 |    49 ||   126
         Scale mail        |       |    23 ||    23
  Dodge: Dodged            |    73 |    70 ||   143

Table legend: (Time is in decaauts)
 A = Elapsed time spent in this place.
 B = Non-inter-level travel time spent in this place.
 C = Inter-level travel time spent in this place.
 D = Time resting spent in this place.
 E = Time spent auto-exploring this place.
 F = Levels seen in this place.
 G = Mean time per level.
                   A        B        C        D        E       F      G
               +--------+--------+--------+--------+--------+-----+--------+
         Total |   6466 |   6356 |    110 |   2887 |    646 |   4 | 1616.5 |
       Dungeon |   6466 |   6356 |    110 |   2887 |    646 |   4 | 1616.5 |
               +--------+--------+--------+--------+--------+-----+--------+

Top non-repeatable levels by time:
     D:1: 2668 daAuts
     D:2: 1775 daAuts
     D:3: 1592 daAuts
     D:4: 431 daAuts
